 Dungeon Crawl Stone Soup version 0.31-a0-339-gda1cbd555d (webtiles) character file.

Game seed: 5756533300531483027

65 BrainTurd the Shield-Bearer (level 4, -2/35 HPs)
             Began as a Formicid Fighter on July 20, 2023.
             Slain by Ijyb
             ... wielding a +8 club
              (3 damage)
             ... on level 3 of the Dungeon on July 21, 2023.
             The game lasted 00:10:08 (2079 turns).

BrainTurd the Shield-Bearer (Formicid Fighter)      Turns: 2079, Time: 00:10:09

Health: -2/35      AC: 11    Str: 23    XL:     4   Next: 35%
Magic:  4/4        EV:  6    Int:  7    God:
Gold:   142        SH:  5    Dex: 13    Spells: 3/3 levels left

rFire   . . .        a - +0 quarterstaff
rCold   . . .        c - +0 buckler
rNeg    . . .        f - +0 plate armour
rPois   .            (helmet unavailable)
rElec   .            (no cloak)
rCorr   .            (no gloves)
SInv    +            (no boots)
Will    .....        (no amulet) Stlth
                     (no ring)
HPRegen 0.25/turn    (no ring)
MPRegen 0.09/turn

%: no passive effects
@: mighty
A: permanent stasis, dig shafts and tunnels, antennae 3, four strong arms
a: Dig, Shaft Self


You were on level 3 of the Dungeon.
You visited 1 branch of the dungeon, and saw 3 of its levels.

You collected 142 gold pieces.

Inventory:

Hand Weapons
 a - a +0 quarterstaff (weapon)
Armour
 c - a +0 buckler (worn)
 f - a +0 plate armour (worn)
Scrolls
 b - a scroll of poison {unknown}
 e - 5 scrolls of identify {unknown}
 g - a scroll of fog {unknown}
 h - a scroll of brand weapon {unknown}
 k - a scroll of enchant armour {unknown}
 n - a scroll of blinking {unknown}
Potions
 i - 2 potions of brilliance {unknown}
 j - a potion of lignification {unknown}
 l - a potion of curing {unknown}
 m - a potion of ambrosia {unknown}


   Skills:
 - Level 3.2 Fighting
 * Level 3.6 Staves
 - Level 3.2 Armour
 + Level 5.0 Shields


You had 3 spell levels left.
You didn't know any spells.
Your spell library contained the following spells:

 Spells                   Type           Power      Damage    Failure   Level
 Kiss of Death            Conj/Necr      0%         2d5       100%        1
 Magic Dart               Conj           0%         1d3       100%        1
 Call Imp                 Summ           0%         N/A       100%        2
 Confusing Touch          Hex            0%         N/A       100%        3
 Dazzling Flash           Conj/Hex       0%         N/A       100%        3
 Mephitic Cloud           Conj/Pois/Air  0%         N/A       100%        3
 Ozocubu's Armour         Ice            0%         N/A       100%        3
 Dispel Undead            Necr           0%         3d6       100%        4
 Passage of Golubria      Tloc           0%         N/A       100%        4
 Agony                    Necr           0%         N/A       100%        5
 Metabolic Englaciation   Hex/Ice        0%         N/A       100%        5
 Silence                  Hex/Air        0%         N/A       100%        5
 Simulacrum               Ice/Necr       0%         N/A       100%        6
 Lehudib's Crystal Spear  Conj/Erth      0%         10d2      100%        8


Dungeon Overview and Level Annotations

Branches:
Dungeon (3/15)

Altars:
Hepliaklqana

Annotations:
D:3 Ijyb


Innate Abilities, Weirdness & Mutations

You cannot be hasted, slowed, berserked, paralysed or teleported.
You can dig through walls and to a lower floor.
You have a pair of large antennae on your head. (SInv)
Your four strong arms can wield two-handed weapons with a shield.


Message History

You pick up a book of the Senses and begin reading...
You add the spells Dazzling Flash and Agony to your library.
No target in view!
You open the door.
There is an open door here.
You open the door.
Found a club.
There is an open door here.
You now have 142 gold pieces (gained 12).
Found 5 boomerangs.
Found a stone staircase leading down.
Found a hazy altar of Hepliaklqana.
Ijyb the Twisted Goblin comes into view.
She is wielding a +8 club and carrying a wand of quicksilver.
Ijyb shouts!
Ijyb zaps a wand.
The bolt of dispelling energy hits you!
Ijyb is nearby!
You hit Ijyb.
Ijyb is lightly wounded.
Ijyb hits you with a +8 club.
You hit Ijyb but do no damage.
Ijyb is lightly wounded.
Ijyb hits you with a +8 club.
You are too injured to fight recklessly!
Unknown command.
You are too injured to fight recklessly!
You are too injured to fight recklessly!
You hit Ijyb but do no damage.
Ijyb is lightly wounded.
Ijyb hits you with a +8 club!
* * * LOW HITPOINT WARNING * * *
Unknown command.
Okay, then.
Okay, then.
You hit Ijyb.
Ijyb is moderately wounded.
Ijyb hits you with a +8 club.
* * * LOW HITPOINT WARNING * * *
Unknown command.
You feel very mighty all of a sudden. Ijyb hits you with a +8 club.
You die...

###################.#
#.............@g....#
#.#################.# #.#
#.#### #....# ####.#..#
#....# #.......# #....#
#.......# ###....#
#.......#
.......###########.......#


You could see Ijyb.

Vanquished Creatures
  4 worms
  2 dart slugs (D:1)
  3 endoplasms
  3 giant cockroaches
  2 goblins
  5 hobgoblins
  5 jackals
  2 quokkas (D:1)
  6 ball pythons
  3 bats
  2 frilled lizards
  6 kobolds
  5 rats (D:1)
48 creatures vanquished.

Notes
Turn   | Place    | Note
-------+----------+-------------------------------------------
     0 | D:1      | BrainTurd the Formicid Fighter began the quest for the Orb.
     0 | D:1      | Reached XP level 1. HP: 18/18 MP: 1/1
   155 | D:1      | Reached XP level 2. HP: 16/24 MP: 2/2
   382 | D:1      | Reached XP level 3. HP: 12/29 MP: 3/3
   400 | D:1      | Upgraded the game from 0.31-a0-331-geda263fcf1 to
                  | 0.31-a0-339-gda1cbd555d
  1132 | D:2      | Reached XP level 4. HP: 17/35 MP: 4/4
  1302 | D:2      | Identified the +4 quarterstaff of Reason {drain, rC+ rN+
                  | Int+4 SInv}
  1973 | D:3      | Reached skill level 5 in Shields
  2036 | D:3      | Found a hazy altar of Hepliaklqana.
  2071 | D:3      | Noticed Ijyb
  2078 | D:3      | HP: 1/35 [Ijyb/+8 club (3)]
  2079 | D:3      | Slain by Ijyb

Illustrated notes

Levels and vault maps discovered:
D:1:      dpeg_arrival_tiny_d, layout_loops_corners, nicolae_wormholes
D:2:      layout_loops_ring
D:3:      layout_basic, nzn_hepliaklqana_mist_gate,
          dreamdust_ecumenical_altar_sealed_demon, uniq_ijyb

Skill      XL: |  1  2  3  4 |
---------------+-------------+-----
Staves         | 3 |  3.6
Shields        | 5 |  5.0
Fighting       | |  3.2
Armour         | |  3.2

Action                     |  1- 3 |  4- 6 || total
---------------------------+-------+-------++-------
  Melee: Quarterstaff      |    92 |    34 ||   126
    Use: Potion            |       |     1 ||     1
 Armour: Scale mail        |    16 |       ||    16
         Plate armour      |    39 |    14 ||    53
  Dodge: Dodged            |    21 |     7 ||    28
  Block: Buckler           |    27 |    10 ||    37

Table legend: (Time is in decaauts)
 A = Elapsed time spent in this place.
 B = Non-inter-level travel time spent in this place.
 C = Inter-level travel time spent in this place.
 D = Time resting spent in this place.
 E = Time spent auto-exploring this place.
 F = Levels seen in this place.
 G = Mean time per level.
                   A        B        C        D        E       F      G
               +--------+--------+--------+--------+--------+-----+--------+
         Total |   2104 |   1916 |    188 |     67 |   1502 |   3 |  701.3 |
       Dungeon |   2104 |   1916 |    188 |     67 |   1502 |   3 |  701.3 |
               +--------+--------+--------+--------+--------+-----+--------+

Top non-repeatable levels by time:
     D:1: 1109 daAuts
     D:2: 837 daAuts
     D:3: 158 daAuts
